 Dungeon Crawl Stone Soup version 0.29.0-4-gdea44cf6ec (webtiles) character file.

Game seed: 10156421191590041719

77 qw the Chopper (level 4, 0/26 HPs)
             Began as a Tengu Warper on Aug 28, 2022.
             Slain by Grinder (9 damage)
             ... on level 3 of the Dungeon.
             The game lasted 00:00:14 (2917 turns).

qw the Chopper (Tengu Warper)                       Turns: 2917, Time: 00:00:14

Health: 0/26       AC:  3    Str: 14    XL:     4   Next: 34%
Magic:  8/8        EV: 12    Int: 13    God:
Gold:   127        SH:  0    Dex: 13    Spells: 7/7 levels left

rFire   . . .      SeeInvis .   Y - +1 hand axe
rCold   . . .      Faith    .   (no shield)
rNeg    . . .      Spirit   .   b - +0 leather armour
rPois   .          Reflect  .   (helmet restricted)
rElec   .          Harm     .   (no cloak)
rCorr   .          Rampage  .   (no gloves)
Will    .....                   (boots unavailable)
Stlth   +.........              f - amulet of the acrobat
HPRegen 0.08/turn               (no ring)
MPRegen 0.11/turn               (no ring)

@: no status effects
A: beak, talons 3
a: no special abilities


You were on level 3 of the Dungeon.
You visited 1 branch of the dungeon, and saw 3 of its levels.

You collected 127 gold pieces.


Innate Abilities, Weirdness & Mutations

You have a beak for a mouth.
You have claws for feet.


   Skills:
 - Level 2.0 Fighting
 + Level 4.9 Axes
 - Level 1.0 Throwing
 - Level 1.1 Armour
 - Level 2.1 Dodging
 - Level 2.0 Spellcasting
 - Level 2.4 Translocations


You had 7 spell levels left.
You didn't know any spells.
Your spell library contained the following spells:

 Spells                   Type           Power      Damage    Failure   Level
 Blink                    Tloc           14%        N/A       19%         2
 Gell's Gravitas          Tloc           7%         N/A       34%         3
 Lesser Beckoning         Tloc           7%         N/A       34%         3
 Teleport Other           Tloc           7%         N/A       34%         3
 Manifold Assault         Tloc           7%         N/A       97%         5

Inventory:

Hand Weapons
 c - a +0 whip
 Y - a +1 hand axe (weapon)
Armour
 b - a +0 leather armour (worn)
Jewellery
 a - an amulet of reflection
 f - an amulet of the acrobat (around neck)
Potions
 d - a potion of mutation {unknown}
 e - a potion of attraction {unknown}
 h - a potion of curing {unknown}

Dungeon Overview and Level Annotations

Branches:
Dungeon (3/15)

Altars:
Hepliaklqana

Annotations:
D:1 2 runed translucent doors
D:3 Grinder


Message History

Existing waypoints: (1) D:2 (2) D:1 Assign waypoint to what number? (0-9, D - delete waypoint) Waypoint 2 re-assigned from D:1 to D:3.
Enter note: You barely miss the frilled lizard.
Your peck misses the frilled lizard. The frilled lizard closely misses you.
You hit the frilled lizard.
You kill the frilled lizard!
A bat comes into view.
Found an escape hatch in the ceiling.
You miss the bat. The bat closely misses you. The bat closely misses you.
The bat completely misses you.
You miss the bat. Your kick misses the bat. The bat closely misses you. x2
You hit the bat.
You kill the bat!
a - an amulet of reflection You open the door.
Found a hazy altar of Hepliaklqana.
There is an open door here.
You open the door.
There is an open door here.
Found a stone staircase leading down.
Grinder comes into view.
Found a long sword.
Grinder shouts!
You see here a scroll of enchant weapon.
A kobold and a dart slug come into view.
The kobold shouts!
Grinder hits you!
You writhe in agony.
You barely miss Grinder. You claw Grinder.
Grinder is lightly wounded.
Grinder hits you.
You hit Grinder. Your kick misses Grinder. Your peck misses Grinder.
Grinder is moderately wounded.
Grinder hits you!
You die...

###### ####### #....#
#.....#######
##.##'###'###.......##
##..##.....###.?>.....##
%<.###.~¤~.##..........#
....##.....##...@......#
.....+.._..+.....5.....#
%....#.....#...........#
.....#.~¤~.##..........#
....##.....#...K......##
...(.#+###+##...w......#
.#..... ...........#
.#...... ............#
<#.....#


You could see Grinder, a dart slug and a kobold.

Vanquished Creatures
  2 adders (D:2)
  3 worms (D:2)
  2 dart slugs (D:2)
  3 bats
  6 endoplasms
  A giant cockroach (D:1)
  4 goblins
  A hobgoblin (D:1)
  4 jackals (D:2)
  4 ball pythons
  5 frilled lizards
  7 kobolds
  6 rats
48 creatures vanquished.

Notes
Turn   | Place    | Note
-------+----------+-------------------------------------------
     0 | D:1      | qw the Tengu Warper began the quest for the Orb.
     0 | D:1      | Reached XP level 1. HP: 12/12 MP: 4/4
     0 | D:1      | 0 ||| qw: Version: 0.1-a-89-g26bdef1
     0 | D:1      | 0 ||| qw: Game counter: 1194
     0 | D:1      | 0 ||| qw: Always use a shield: true
     0 | D:1      | 0 ||| qw: God list: Okawaru
     0 | D:1      | 0 ||| qw: Allow faded altars: false
     0 | D:1      | 0 ||| qw: Do Orc after D:15 true
     0 | D:1      | 0 ||| qw: Do second Lair branch before Depths: true
     0 | D:1      | 0 ||| qw: Lair rune preference: random
     0 | D:1      | 0 ||| qw: Plans: Normal
     0 | D:1      | 0 ||| PLANNING D:1-11
   212 | D:1      | Found a large runed translucent door.
   212 | D:1      | Found a large runed translucent door.
   215 | D:1      | Noticed an orc warrior
   265 | D:1      | Reached XP level 2. HP: 17/17 MP: 6/6
   383 | D:1      | Reached skill level 3 in Axes
   556 | D:1      | 556 ||| Stepping ~*~*~tactically~*~*~ (stealth).
   558 | D:1      | 558 ||| Stepping ~*~*~tactically~*~*~ (stealth).
   613 | D:1      | Found a faded altar of an unknown god.
   894 | D:1      | 894 ||| DROPPING scroll of blinking.
   979 | D:2      | 979 ||| Stepping ~*~*~tactically~*~*~ (stealth).
   996 | D:2      | Reached XP level 3. HP: 12/21 MP: 7/7
  1134 | D:2      | 1134 ||| DROPPING +0 club.
  1221 | D:2      | 1221 ||| Stepping ~*~*~tactically~*~*~ (stealth).
  1223 | D:2      | 1223 ||| Stepping ~*~*~tactically~*~*~ (stealth).
  1327 | D:2      | Reached skill level 4 in Axes
  1529 | D:2      | 1529 ||| FLEEEEING.
  1530 | D:2      | 1530 ||| FLEEEEING.
  1531 | D:2      | 1531 ||| FLEEEEING.
  1532 | D:2      | 1532 ||| FLEEEEING.
  1533 | D:2      | 1533 ||| FLEEEEING.
  1534 | D:2      | 1534 ||| FLEEEEING.
  1536 | D:2      | 1536 ||| FLEEEEING.
  1537 | D:2      | 1537 ||| FLEEEEING.
  1538 | D:2      | 1538 ||| FLEEEEING.
  1539 | D:2      | 1539 ||| FLEEEEING.
  1540 | D:2      | 1540 ||| FLEEEEING.
  1541 | D:2      | 1541 ||| FLEEEEING.
  1542 | D:2      | 1542 ||| FLEEEEING.
  1543 | D:2      | 1543 ||| FLEEEEING.
  1552 | D:2      | 1552 ||| Stepping ~*~*~tactically~*~*~ (hiding).
  1935 | D:2      | 1935 ||| Stepping ~*~*~tactically~*~*~ (stealth).
  1951 | D:2      | HP: 2/21 [worm (8)]
  2257 | D:2      | Reached XP level 4. HP: 15/26 MP: 8/8
  2293 | D:2      | 2293 ||| Stepping ~*~*~tactically~*~*~ (stealth).
  2549 | D:2      | 2549 ||| Stepping ~*~*~tactically~*~*~ (stealth).
  2551 | D:2      | 2551 ||| Stepping ~*~*~tactically~*~*~ (stealth).
  2554 | D:2      | 2554 ||| Stepping ~*~*~tactically~*~*~ (stealth).
  2555 | D:2      | 2555 ||| Stepping ~*~*~tactically~*~*~ (stealth).
  2846 | D:2      | 2846 ||| UPGRADING to amulet of the acrobat.
  2851 | D:2      | 2851 ||| READING scroll labelled REVUUS XA ZAM.
  2852 | D:2      | 2852 ||| READING scroll labelled EFITOO ANOSS.
  2898 | D:3      | Found a hazy altar of Hepliaklqana.
  2912 | D:3      | Noticed Grinder
  2917 | D:3      | Slain by Grinder

Levels and vault maps discovered:
D:1:      erik_arrival_cave_to_civilisation [erik_arrival_cave_to_temple],
          layout_basic, ebering_ecumenical_altar_box
D:2:      layout_loops_corners, minmay_pentomino_z2
D:3:      layout_rooms, mainiacjoe_overflow_six_doors_small,
          gammafunk_ghost_mausoleum, serial_bayou_pond_a, uniq_grinder

Skill      XL: |  1  2  3 |
---------------+----------+-----
Axes           | 3 4 |  4.9
Fighting       | |  2.0
Throwing       | |  1.0
Armour         | |  1.1
Dodging        | |  2.1
Spellcasting   | |  2.0
Translocations | |  2.4

Action                   |  1- 3 |  4- 6 || total
-------------------------+-------+-------++-------
Melee: Hand axe          |   109 |    19 ||   128
       Peck              |    20 |     1 ||    21
       Kick              |    24 |     3 ||    27
       Punch             |     1 |       ||     1
Throw: Boomerang         |     7 |       ||     7
  Use: Scroll            |       |     2 ||     2
Armor: Leather armour    |    18 |     3 ||    21
Dodge: Dodged            |    45 |     9 ||    54

Table legend:
 A = Non-vault XP
 B = Vault XP
 C = Vault XP percentage of total XP
 D = Non-vault monster count
 E = Vault monster count
 F = Vault count percentage of total count
                 A         B        C        D         E       F
            +---------+---------+-------+---------+---------+-------
      Total |     104 |       7 |   6.3 |      45 |       3 |   6.2
            +---------+---------+-------+---------+---------+-------
        D:1 |      22 |       3 |  12.0 |      15 |       2 |  11.8
        D:2 |      80 |       4 |   4.8 |      28 |       1 |   3.4
        D:3 |       2 |       0 |   0.0 |       2 |       0 |   0.0
            +---------+---------+-------+---------+---------+-------
